 Dungeon Crawl Stone Soup version 0.19-a0-261-g60b6c46 (webtiles) character file.

58 Steelers13 the Skirmisher (level 3, -1/51 HPs)
             Began as a Minotaur Berserker on May 26, 2016.
             Was a Believer of Trog.
             Slain by an adder (3 damage)
             ... on level 2 of the Dungeon.
             The game lasted 00:08:13 (1359 turns).

Steelers13 the Skirmisher (Minotaur Berserker)      Turns: 1359, Time: 00:08:13

Health: -1/51      AC:  3    Str: 27    XL:     3   Next: 75%
Magic:  2/2        EV: 12    Int:  4    God:    Trog [**....]
Gold:   23         SH:  0    Dex:  9    Spells: 0 memorised, 2 levels left

rFire  . . .     SeeInvis .     m - +0 hand axe
rCold  . . .     Gourm    .     b - +0 animal skin
rNeg   . . .     Faith    .     (no shield)
rPois  .         Spirit   .     (helmet restricted)
rElec  .         Dismiss  .     (no cloak)
rCorr  .         Reflect  .     (no gloves)
SustAt .         Harm     .     g - +0 pair of boots {run}
MR     .....                    (no amulet)
Stlth  ..........               (no ring)
                                (no ring)

@: berserking, lethally poisoned (-1 -> -3), very quick, not resistant to
hostile enchantments, extremely unstealthy
A: retaliatory headbutt, horns 2
a: Berserk, Trog's Hand, Burn Spellbooks, Renounce Religion


You were on level 2 of the Dungeon.
You worshipped Trog.
Trog was pleased with you.
You were hungry.

You visited 1 branch of the dungeon, and saw 2 of its levels.

You collected 23 gold pieces.

Inventory:

Hand Weapons
 a - a +0 falchion
 m - a +0 hand axe (weapon)
 q - a +0 short sword
Armour
 b - a +0 animal skin (worn)
 g - a +0 pair of boots of running (worn)
Scrolls
 e - a scroll of amnesia {unknown}
 f - 2 scrolls of teleportation {unknown}
 i - a scroll of immolation {unknown}
 k - a scroll of identify {unknown}
 p - a scroll of magic mapping {unknown}
Potions
 h - a potion of heal wounds {unknown}
 j - 3 potions of haste {unknown}
 l - a potion of curing {unknown}
Comestibles
 c - 2 bread rations
 n - a slice of pizza
 o - a beef jerky


   Skills:
 + Level 4.4 Fighting
 + Level 4.3 Long Blades
 + Level 2.5 Armour
 + Level 3.0 Dodging
 + Level 0.3 Stealth


You had 2 spell levels left.
You didn't know any spells.

Dungeon Overview and Level Annotations

Branches:
Dungeon (2/15)

Altars:

Annotations:
D:2 Natasha


Innate Abilities, Weirdness & Mutations

You reflexively headbutt those who attack you in melee.
You have a pair of horns on your head.


Message History

You hit the adder.
The adder is moderately wounded.
You closely miss the shadow imp.
The shadow imp is severely wounded.
You feel sick. The crimson imp hits you.
* * * LOW HITPOINT WARNING * * *
The adder misses you.
The shadow imp summons a swarm of flies.
The shadow imp gestures at you. Pain shoots through your body!
* * * LOW HITPOINT WARNING * * *
Natasha claws you.
* * * LOW HITPOINT WARNING * * *
The crimson imp misses you.
A red film seems to cover your vision as you go berserk!
You feel yourself moving faster!
You feel mighty!
You feel somewhat more hungry. The adder closely misses you.
The shadow imp closely misses you. Natasha barely misses you.
You furiously retaliate!
You headbutt Natasha. The adder bites you.
You die...

.# .#
########.#####
##......#......
...............
#...........
##.#.##@S.#####
......55h.<....
#####.#....##.5
...#.....# #
.######.>..##.#
.....(........#
.♣.###...♣.♣.##
###.♣.♣..♣ #
♣.....♣♣♣♣ ##
.#


You could see Natasha, 2 crimson imps, an adder and a shadow imp.

Vanquished Creatures
  2 adders (D:2)
  2 dart slugs (D:1)
  4 bats
  2 giant cockroaches
  5 goblins
  5 hobgoblins
  3 jackals (D:1)
  A quokka (D:2)
  A giant newt (D:1)
  3 kobolds
  7 rats
  5 plants (D:2)
40 creatures vanquished.

Vanquished Creatures (others)
  3 plants (D:2)
3 creatures vanquished.

Grand Total: 43 creatures vanquished

Notes
Turn   | Place    | Note
--------------------------------------------------------------
     0 | D:1      | Steelers13 the Minotaur Berserker began the quest for the Orb.
     0 | D:1      | Reached XP level 1. HP: 19/19 MP: 0/0
   194 | D:1      | Identified a +0 pair of boots of running (You found it on level 1 of the Dungeon)
   213 | D:1      | Reached XP level 2. HP: 18/27 MP: 1/1
   664 | D:1      | Reached ** piety under Trog
   664 | D:1      | Reached XP level 3. HP: 33/33 MP: 2/2
  1141 | D:2      | Found a faded altar to an unknown god.
  1326 | D:2      | Noticed Natasha
  1358 | D:2      | HP: 1/34 [Natasha (4)]
  1359 | D:2      | Slain by an adder

Vault maps used:
D:1:      lordsloth_arrival_two_stooges, corexii_hall_statues_s,
          dk_noncrumbling_3, serial_bayou_lagoon_a, minmay_close_crescents
D:2:      wad_woods_stonehenge, ecumenical_altar_1, uniq_crazy_yiuf_cottage,
          uniq_natasha

Skill      XL: |  1  2  3 |
---------------+----------+-----
Long Blades    | 4 |  4.3
Fighting       | 4 |  4.4
Dodging        | 3 |  3.0
Armour         | |  2.5
Stealth        | |  0.3

Action                   || total
-------------------------++-------
Melee: Falchion          ||    23
       Headbutt          ||    67
       Hand axe          ||   145
Invok: Berserk           ||     1
  Eat: Chunk             ||     1
Armor: Animal skin       ||    19
Dodge: Dodged            ||    78
